 Dungeon Crawl Stone Soup version 0.28-a0-750-g7c675f85b1 (webtiles) character file.

Game seed: 4031022984774270629

43 ytrimaz the Ducker (level 3, -1/28 HPs)
             Began as a Demonspawn Gladiator on Oct 29, 2021.
             Slain by Robin (3 damage)
             ... on level 2 of the Dungeon.
             The game lasted 00:01:02 (1082 turns).

ytrimaz the Ducker (Demonspawn Gladiator)           Turns: 1082, Time: 00:01:02

Health: -1/28      AC:  4    Str: 15    XL:     3   Next: 37%
Magic:  3/3        EV: 13    Int:  9    God:
Gold:   24         SH:  4    Dex: 20    Spells: 2/2 levels left

rFire   . . .      SeeInvis .   a - +0 war axe
rCold   . . .      Faith    .   (no shield)
rNeg    . . .      Spirit   .   b - +0 leather armour
rPois   .          Reflect  .   c - +0 helmet
rElec   .          Harm     .   (no cloak)
rCorr   .          Rampage  .   (no gloves)
Will    .....                   (no boots)
Stlth   +.........              (no amulet)
HPRegen 0.09/turn               f - +6 ring of dexterity
MPRegen 0.08/turn               (no ring)

@: no status effects
A: large bone plates 1
a: no special abilities


You were on level 2 of the Dungeon.
You visited 1 branch of the dungeon, and saw 2 of its levels.

You collected 24 gold pieces.

Inventory:

Hand Weapons
 a - a +0 war axe (weapon)
Missiles
 d - 3 throwing nets (quivered)
Armour
 b - a +0 leather armour (worn)
 c - a +0 helmet (worn)
Jewellery
 f - a +6 ring of dexterity (left hand)
Scrolls
 e - a scroll of teleportation {unknown}


   Skills:
 + Level 2.3 Fighting
 + Level 3.2 Axes
 - Level 1.7 Throwing
 * Level 0.8 Armour
 * Level 3.2 Dodging


You had 2 spell levels left.
You didn't know any spells.
Your spell library was empty.

Dungeon Overview and Level Annotations

Branches:
Dungeon (2/15)

Altars:

Annotations:
D:2 Robin


Innate Abilities, Weirdness & Mutations

You are partially covered in large bone plates. (SH +4)


Message History

A goblin comes into view. It is wielding a +0 dagger.
The hobgoblin completely misses you.
You slash the goblin!
You kill the goblin!
You hit the goblin.
You kill the goblin!
You slash the goblin!
You kill the goblin!
You slash the goblin!
You kill the goblin!
You barely miss the hobgoblin. You hit the goblin. You closely miss the goblin.
The goblin barely misses you. Robin throws the goblin at you!
The goblin barely misses you. The goblin hits you with a +0 club.
The hobgoblin closely misses you. The goblin hits you with a +0 club.
* * * LOW HITPOINT WARNING * * *
The goblin hits you but does no damage.
You closely miss the goblin. You barely miss the goblin.
You closely miss the goblin. You hit the hobgoblin but do no damage.
You slash the goblin!
You kill the goblin!
You barely miss the goblin. The goblin barely misses you.
The goblin hits you with a +0 dagger.
* * * LOW HITPOINT WARNING * * *
The hobgoblin closely misses you. The goblin hits you but does no damage.
The goblin completely misses you.
You aren't carrying any potions.
Unknown command.
You aren't carrying any potions.
You hit the goblin but do no damage. You slash the goblin!
You kill the goblin!
You hit the hobgoblin. You miss the goblin. You closely miss the goblin.
The goblin hits you with a +0 dagger.
* * * LOW HITPOINT WARNING * * *
Robin throws the goblin at you! You block the goblin's attack.
The hobgoblin hits you but does no damage.
The goblin barely misses you.
An endoplasm comes into view.
The goblin closely misses you.
Robin hits you from afar with a +3 spear.
You die...

. #.#.##. J. #....
##.#.##. .
#..##.###.....#. #.
#............... #..
#...#.##..#<..#.
.##..####....
#..##.##.
............#
#..##.###
...g.gJ)###.####..##.#
#....g@g............#
#....g)g##.####..####
#.#####.##.# #.....
#.##.# #.##### #.##.#
#.# #.##.# #.# #.##.#
#.. .....# .## ###


You could see Robin, 2 endoplasms, a hobgoblin (strong) and 4 goblins.

Vanquished Creatures
  A dart slug (D:1)
  4 endoplasms
  9 goblins
  3 hobgoblins (D:1)
  7 jackals (D:1)
  4 ball pythons
  4 bats (D:1)
  2 frilled lizards
  2 rats (D:1)
36 creatures vanquished.

Notes
Turn   | Place    | Note
-------+----------+-------------------------------------------
     0 | D:1      | ytrimaz the Demonspawn Gladiator began the quest for the
                  | Orb.
     0 | D:1      | Reached XP level 1. HP: 16/16 MP: 1/1
   247 | D:1      | Gained mutation: You are partially covered in large bone
                  | plates. (SH +4) [demonic ancestry]
   247 | D:1      | Reached XP level 2. HP: 22/22 MP: 2/2
   714 | D:1      | Reached XP level 3. HP: 15/27 MP: 3/3
  1075 | D:2      | Noticed Robin
  1082 | D:2      | Slain by Robin

Illustrated notes

Levels and vault maps discovered:
D:1:      wander_arrival_estate, layout_rooms
D:2:      minmay_skewed_foursquare, layout_loops_ring, lemuel_flame_loot_1,
          uniq_robin

Skill      XL: |  1  2 |
---------------+-------+-----
Dodging        | 3 |  3.2
Axes           | 3 |  3.2
Fighting       | |  2.3
Throwing       | |  1.7
Armour         | |  0.8

Action                   || total
-------------------------++-------
Melee: War axe           ||    69
Armor: Leather armour    ||    37
Dodge: Dodged            ||    67
Block: Other             ||    15

Table legend: (Time is in decaauts)
 A = Elapsed time spent in this place.
 B = Non-inter-level travel time spent in this place.
 C = Inter-level travel time spent in this place.
 D = Time resting spent in this place.
 E = Time spent auto-exploring this place.
 F = Levels seen in this place.
 G = Mean time per level.
                   A        B        C        D        E       F      G
               +--------+--------+--------+--------+--------+-----+--------+
         Total |   1104 |   1091 |     13 |    183 |    728 |   2 |  552.0 |
       Dungeon |   1104 |   1091 |     13 |    183 |    728 |   2 |  552.0 |
               +--------+--------+--------+--------+--------+-----+--------+

Top non-repeatable levels by time:
     D:1: 1047 daAuts
     D:2: 57 daAuts
